 Dungeon Crawl Stone Soup version 0.21.1-1-g345015f (webtiles) character file.

1531 CougarLife the Chopper (level 8, -11/74 HPs)
             Began as a Minotaur Fighter on May 30, 2018.
             Mangled by a two-headed ogre
             ... wielding a cursed -2 giant club
              (20 damage)
             ... on level 4 of the Dungeon.
             The game lasted 00:06:03 (3876 turns).

CougarLife the Chopper (Minotaur Fighter)           Turns: 3876, Time: 00:06:04

Health: -11/74     AC:  8    Str: 27    XL:     8   Next: 55%
Magic:  7/7        EV: 10    Int:  6    God:
Gold:   165        SH: 10    Dex: 10    Spells: 7/7 levels left

rFire    . . .     SeeInvis .   a - +0 war axe
rCold    + . .     Gourm    .   c - +0 shield
rNeg     . . .     Faith    .   b - +0 scale mail
rPois    .         Spirit   .   v - +1 hat
rElec    .         Reflect  .   (no cloak)
rCorr    .         Harm     .   (no gloves)
MR       .....                  (no boots)
Stlth    ..........             (no amulet)
HPRegen  0.22/turn              h - ring of protection from cold
MPRegen  0.10/turn              (no ring)

@: mighty
A: retaliatory headbutt, horns 2
a: no special abilities


You were on level 4 of the Dungeon.
You were very hungry.

You visited 1 branch of the dungeon, and saw 5 of its levels.

You collected 165 gold pieces.

Inventory:

Hand Weapons
 a - a +0 war axe (weapon)
Armour
 b - a +0 scale mail (worn)
 c - a +0 shield (worn)
 v - a +1 hat (worn)
Jewellery
 g - an uncursed ring of wizardry {unknown}
 h - a ring of protection from cold (left hand)
Scrolls
 e - a scroll of random uselessness {unknown}
 i - 3 scrolls of amnesia
 k - 2 scrolls of enchant armour {unknown}
 m - 2 scrolls of remove curse {unknown}
 n - 3 scrolls of teleportation
 p - 4 scrolls of fog
 r - a scroll of magic mapping {unknown}
 s - 2 scrolls of immolation {unknown}
 t - a scroll of enchant weapon {unknown}
 u - a scroll of noise {unknown}
 x - 4 scrolls of blinking {unknown}
Potions
 d - a potion of might
 j - a potion of flight {unknown}
 l - a potion of magic
 o - a potion of brilliance {unknown}
 q - 2 potions of resistance {unknown}
 z - a potion of lignification {unknown}
 A - a potion of curing {unknown}
Books
 y - a book of Flames

   Spells                             Type                      Level
   a - Flame Tongue                   Conjuration/Fire             1
   b - Throw Flame                    Conjuration/Fire             2
   c - Conjure Flame                  Conjuration/Fire             3
   d - Inner Flame                    Hexes/Fire                   3
   e - Sticky Flame                   Conjuration/Fire             4
   f - Fireball                       Conjuration/Fire             5
Comestibles
 f - 9 rations


   Skills:
 + Level 7.8 Fighting
 + Level 7.9 Axes
 - Level 5.1 Armour
 - Level 5.2 Dodging
 - Level 5.0 Shields


You had 7 spell levels left.
You didn't know any spells.

Dungeon Overview and Level Annotations

Branches:
Dungeon (5/15)
 Temple: D:4-7

Altars:
Ru


Innate Abilities, Weirdness & Mutations

You reflexively headbutt those who attack you in melee.
You have a pair of horns on your head.


Message History

The two-headed ogre hits you with a giant spiked club!!
* * * LOW HITPOINT WARNING * * *
You are too injured to fight recklessly!
There is a stone staircase leading up here.
The two-headed ogre hits you with a giant club!
* * * LOW HITPOINT WARNING * * *
You block the two-headed ogre's attack.
You climb upwards.
There is a stone staircase leading down here.
Unknown command.
Unknown command.
You feel much better. You block the two-headed ogre's attack.
The two-headed ogre hits you with a giant spiked club!
You feel very mighty all of a sudden.
You slash the two-headed ogre!
The two-headed ogre is moderately wounded.
The two-headed ogre hits you with a giant club!
* * * LOW HITPOINT WARNING * * *
The two-headed ogre hits you with a giant spiked club!!
You die...

##### ##...## ###
#.....########## ..###
###..............## ....#
#.................#
#.#.#######..#.##.########..#
#.#.........###.#...........#
#.#######.##.#..#.#######...#
#.# #.....#..O@.....# #...#
#.# #.###>#.#######.# #...##
#)# #.# #...# #.###....#
#.#####.# ##..# #.##.....#
....)##.# #..# #.###.#..#
...#.##.# #..# #.# ###..#
#..)..#.# #[.#######.# #..###
...)#...# #).........#
###....# #.....###
#.###..##### #......#


You could see a two-headed ogre.

Vanquished Creatures
  The ghost of CougarLife the Ruffian, a novice TrFi (D:5)
  Sigmund (D:5)
  The ghost of MaidMarian the Skirmisher, an amateur DsBe of Trog (D:3)
  A sky beast (D:4)
  3 ogres
  A scorpion (D:4)
  A hound (D:4)
  An iguana (D:3)
  A worker ant (D:4)
  4 orc wizards (D:4)
  4 adders
  A shadow imp (D:5)
  An ooze (D:2)
  An adder skeleton (D:4)
  2 worms
  4 dart slugs
  A leopard gecko (D:2)
  14 orcs
  3 giant cockroaches
  4 hobgoblins
  6 jackals
  A quokka (D:4)
  2 ball pythons
  5 bats
  3 frilled lizards (D:2)
  5 goblins
  6 kobolds
  7 rats
85 creatures vanquished.

Notes
Turn   | Place    | Note
-------+----------+-------------------------------------------
     0 | D:1      | CougarLife the Minotaur Fighter began the quest for the Orb.
     0 | D:1      | Reached XP level 1. HP: 19/19 MP: 0/0
   282 | D:1      | Reached XP level 2. HP: 26/26 MP: 1/1
   725 | D:2      | Reached XP level 3. HP: 10/33 MP: 2/2
  1268 | D:2      | Found a sacrificial altar of Ru.
  1570 | D:3      | Reached XP level 4. HP: 39/41 MP: 3/3
  1613 | D:3      | Noticed MaidMarian's ghost (amateur DsBe)
  1621 | D:3      | Killed MaidMarian's ghost
  1621 | D:3      | Reached skill level 5 in Fighting
  1621 | D:3      | Reached skill level 5 in Axes
  1621 | D:3      | Reached XP level 5. HP: 46/50 MP: 4/4
  2270 | D:4      | Reached XP level 6. HP: 52/57 MP: 5/5
  2533 | D:4      | Reached skill level 5 in Armour
  2533 | D:4      | Reached skill level 5 in Shields
  2537 | D:4      | Reached skill level 1 in Dodging
  2836 | D:4      | Reached XP level 7. HP: 58/62 MP: 6/6
  3234 | D:5      | Entered Level 5 of the Dungeon
  3234 | D:5      | Noticed Sigmund
  3240 | D:5      | Killed Sigmund
  3240 | D:5      | Reached skill level 5 in Dodging
  3434 | D:5      | Noticed CougarLife's ghost (novice TrFi)
  3443 | D:5      | Killed CougarLife's ghost
  3443 | D:5      | Reached XP level 8. HP: 13/73 MP: 7/7
  3837 | D:5      | Noticed a two-headed ogre
  3876 | D:4      | Mangled by a two-headed ogre

Skill      XL: |  1  2  3  4  5  6  7 |
---------------+----------------------+-----
Axes           | 3 4 5 7 |  7.9
Fighting       | 4 5 7 |  7.8
Armour         | 5 |  5.1
Shields        | 5 |  5.0
Dodging        | 1 5 |  5.2

Action                   |  1- 3 |  4- 6 |  7- 9 || total
-------------------------+-------+-------+-------++-------
Melee: War axe           |    63 |   104 |    43 ||   210
       Headbutt          |     7 |    15 |     4 ||    26
  Use: Potion            |     2 |     1 |     3 ||     6
       Scroll            |       |       |     5 ||     5
  Eat: Chunk             |     2 |     4 |     2 ||     8
Armor: Scale mail        |    32 |    41 |     9 ||    82
Dodge: Dodged            |    14 |    46 |     8 ||    68
Block: Shield            |    28 |    65 |    18 ||   111
